Map: Terrasses de Prion

Players

alex - Winner!

  • Race: Protoss Protoss
  • League: Silver
  • Spawn Location: 11:00

zidar

  • Race: Zerg Zerg
  • League: Silver
  • Spawn Location: 5:00

VOD

Have the link to the VOD?

Description

Time

  • Played on: Feb. 16, 2016, 1:28 p.m.
  • Length: 17:02
Show
View Real Time Build Order
Export as new Build Order

alex Protoss - Winner!

Build Orders: Carriers 

Get SALT Encoding   

  12  0:03  Probe (Chrono Boost)  
  13  0:20  Pylon  
  13  0:30  Probe (Chrono Boost)  
  14  0:40  Forge  
  14  0:46  Probe (Chrono Boost)  
  15  0:56  Probe (Chrono Boost)  
  16  1:03  Gateway  
  16  1:07  Probe (Chrono Boost)  
  17  1:17  Probe (Chrono Boost)  
  18  1:20  Assimilator  
  18  1:25  Assimilator  
  18  1:28  Probe (Chrono Boost)  
  19  1:39  Pylon  
  19  1:45  Probe (Chrono Boost)  
  20  1:55  Probe (Chrono Boost)  
  20  1:59  Cybernetics Core  
  20  2:00  Photon Cannon  
  21  2:06  Probe (Chrono Boost)  
  22  2:08  Photon Cannon  
  22  2:18  Photon Cannon  
  22  2:28  Probe (Chrono Boost)  
  22  2:38  Probe (Chrono Boost)  
  23  2:49  Probe (Chrono Boost)  
  24  2:51  Pylon  
  24  3:00  Zealot  
  26  3:08  Probe (Chrono Boost)  
  27  3:18  Stargate, Probe (Chrono Boost)  
  28  3:24  Photon Cannon  
  28  3:29  Probe (Chrono Boost)  
  29  3:42  Probe (Chrono Boost)  
  29  3:47  Stargate  
  30  3:52  Probe (Chrono Boost)  
  31  4:03  Probe (Chrono Boost)  
  32  4:11  Photon Cannon  
  30  4:40  Pylon  
  30  4:52  Pylon  
  30  4:58  Phoenix  
  35  5:10  Pylon  
  35  5:13  Void Ray  
  36  5:23  Phoenix  
  38  5:37  Pylon  
  38  5:40  Probe (Chrono Boost)  
  39  5:47  Photon Cannon  
  43  5:51  Void Ray (Chrono Boost), Probe (Chrono Boost)  
  44  6:01  Probe (Chrono Boost)  
  44  6:03  Void Ray (Chrono Boost)  
  49  6:15  Photon Cannon  
  49  6:16  Stargate  
  49  6:23  Nexus  
  49  6:39  Assimilator  
  49  6:46  Pylon  
  49  7:15  Pylon  
  49  7:35  Pylon  
  49  7:37  Void Ray (Chrono Boost)  
  61  7:42  Void Ray x2 (Chrono Boost)  
  61  7:55  Assimilator  
  65  8:25  Void Ray (Chrono Boost)  
  65  8:50  Mothership Core  
  67  9:08  Fleet Beacon  
  67  9:27  Void Ray (Chrono Boost), Pylon  
  79  9:32  Void Ray (Chrono Boost)  
  79  9:33  Void Ray (Chrono Boost)  
  78  9:53  Mothership  
  70  10:24  Photon Cannon  
  70  10:29  Photon Cannon  
  70  10:30  Photon Cannon  
  70  10:31  Probe  
  77  10:43  Probe  
  77  10:45  Probe  
  79  10:55  Probe  
  79  10:56  Probe  
  81  11:06  Probe  
  81  11:07  Probe  
  79  11:17  Probe  
  79  11:20  Probe  
  79  11:25  Pylon  
  79  11:50  Photon Cannon  
  79  11:51  Pylon  
  79  11:54  Photon Cannon  
  79  12:08  Nexus  
  79  12:12  Assimilator  
  97  12:17  Assimilator  
  67  12:32  Carrier (Chrono Boost)  
  66  12:39  Pylon  
  66  12:42  Pylon  
  66  12:43  Carrier (Chrono Boost)  
  66  12:44  Carrier (Chrono Boost)  
  58  13:08  Mothership Core  
  61  14:09  Carrier (Chrono Boost)  
  61  15:02  Pylon  
  61  15:03  Pylon  
  73  15:41  Carrier (Chrono Boost)  
  73  15:51  Carrier (Chrono Boost)  
Show
View Real Time Build Order
Export as new Build Order

zidar Zerg 

Build Orders: Hatch First 

Get SALT Encoding   

  12  0:03  Drone  
  13  0:12  Overlord  
  13  0:17  Drone  
  14  0:31  Drone x2  
  16  0:39  Drone  
  17  0:53  Hatchery  
  16  0:57  Drone  
  16  1:02  Extractor, Drone  
  17  1:22  Spawning Pool  
  16  1:26  Drone  
  17  1:37  Drone  
  18  1:45  Drone  
  18  1:46  Overlord  
  18  2:04  Drone  
  19  2:08  Queen  
  19  2:09  Queen  
  23  2:18  Metabolic Boost  
  23  2:45  Zergling x10  
  27  3:00  Zergling x6  
  28  3:16  Zergling x4  
  24  3:35  Zergling x2  
  24  3:36  Zergling x10  
  26  4:35  Spore Crawler  
  25  4:40  Spore Crawler  
  24  4:50  Roach Warren  
  23  5:09  Hatchery, Drone x4  
  23  5:10  Drone  
  23  5:12  Overlord x2  
  27  5:38  Lair  
  27  5:40  Roach  
  27  5:41  Roach x7  
  43  5:46  Overlord x3  
  43  5:47  Overlord  
  43  6:03  Extractor  
  42  6:14  Drone x9  
  51  6:29  Extractor x2  
  51  6:32  Queen  
  51  6:35  Drone  
  51  6:36  Drone x3  
  51  7:02  Hydralisk Den, Drone x11  
  61  7:23  Roach  
  61  7:24  Roach x5  
  73  7:31  Extractor  
  73  7:32  Extractor  
  73  7:33  Drone  
  73  7:35  Drone  
  73  7:39  Hydralisk x4  
  81  7:51  Pneumatized Carapace  
  81  7:53  Overseer  
  81  7:54  Evolution Chamber  
  81  7:56  Evolution Chamber  
  79  8:03  Hydralisk  
  79  8:04  Hydralisk  
  81  8:06  Hydralisk  
  77  8:19  Spore Crawler  
  76  8:25  Overlord x3  
  74  8:35  Muscular Augments  
  74  8:38  Glial Reconstitution  
  74  8:49  Hydralisk x2  
  74  8:50  Hydralisk  
  80  9:07  Hatchery  
  79  9:24  Hydralisk  
  79  9:25  Hydralisk x7  
  49  10:15  Hydralisk x3  
  49  10:16  Hydralisk x6  
  67  10:42  Extractor  
  66  10:43  Extractor  
  66  10:47  Hydralisk x5  
  71  11:15  Hydralisk  
  71  11:16  Hydralisk x5  
  83  11:31  Hydralisk x2  
  87  11:35  Hatchery  
  86  11:43  Hydralisk  
  86  11:44  Hydralisk  
  90  11:52  Hydralisk  
  68  12:33  Hydralisk x6  
  70  13:12  Hydralisk  
  70  13:13  Hydralisk x2  
  68  13:49  Hydralisk  
  68  13:50  Hydralisk x3  
  46  14:44  Hydralisk x5  
  46  14:45  Hydralisk  
  50  15:11  Drone x2  
  50  15:13  Hydralisk  
  50  15:14  Hydralisk x2  
  58  15:33  Spire  
  57  15:37  Drone x2  
  55  16:03  Hatchery  
  34  16:22  Hydralisk  
  34  16:23  Hydralisk x2  
Tags
 
Composition
Carriers
Matchup
PvZ
Spawn Locations
Cross Positions
Add a new tag
Caveats
  • Supply blocks, unpowered buildings, or Contaminate may cause inaccurate times.
  • Supply counts are checked every 10 seconds.